 Seeded DCSS version 0.30-a0-715-gdb4ae3ece1 (webtiles) character file.

Game seed: 17543857038586890609 (custom seed)

352 flotson the Sneak (level 6, -1/48 HPs)
             Began as a Demonspawn Delver on Jan 24, 2023.
             Slain by Robin
             ... wielding a +5 heavy spear
              (5 damage)
             ... on level 4 of the Dungeon.
             The game lasted 00:06:23 (3161 turns).

flotson the Sneak (Demonspawn Delver)               Turns: 3161, Time: 00:06:23

Health: -1/48      AC:  7    Str: 15    XL:     6   Next: 35%
Magic:  6/6        EV: 11    Int: 11    God:
Gold:   190        SH:  4    Dex: 14    Spells: 5/5 levels left

rFire   . . .      SeeInvis .    a - +4 quarterstaff (chaos)
rCold   . . .      Faith    .    (shield currently unavailable)
rNeg    . . .      Spirit   .    p - +0 ring mail
rPois   .          Reflect  .    (helmet restricted)
rElec   .          Harm     .    e - +0 cloak
rCorr   +          Rampage  .    s - +0 pair of gloves
Will    .....                    (no boots)
Stlth   ++                       (no amulet)
HPRegen 0.28/turn                m - ring of resist corrosion
MPRegen 0.10/turn                (no ring)

@: no status effects
A: antennae 2, large bone plates 1
a: no special abilities


You were on level 4 of the Dungeon.
You visited 1 branch of the dungeon, and saw 5 of its levels.

You collected 190 gold pieces.

Inventory:

Hand Weapons
 a - a +4 quarterstaff of chaos (weapon)
 b - a +0 arbalest
Missiles
 o - 4 poisoned darts
Armour
 e - a +0 cloak (worn)
 p - a +0 ring mail (worn)
 s - a +0 pair of gloves (worn)
Jewellery
 m - a ring of resist corrosion (left hand)
Wands
 g - a wand of digging (3)
 A - a wand of mindburst (11)
Scrolls
 c - a scroll of fog
 d - a scroll of magic mapping
 h - a scroll of poison {unknown}
 i - a scroll of enchant weapon {unknown}
 j - a scroll of blinking {unknown}
 n - a scroll of brand weapon {unknown}
 q - a scroll of enchant armour {unknown}
 r - a scroll of amnesia {unknown}
 t - 3 scrolls of identify {unknown}
 w - 3 scrolls of teleportation {unknown}
 x - a scroll of torment {unknown}
 B - a scroll of butterflies {unknown}
Potions
 f - 2 potions of flight {unknown}
 k - 5 potions of curing {unknown}
 u - 3 potions of brilliance {unknown}
 v - a potion of haste
 z - a potion of mutation {unknown}


   Skills:
 + Level 3.9 Fighting
 + Level 2.9 Axes
 + Level 1.3 Throwing
 + Level 2.1 Armour
 + Level 2.8 Dodging
 - Level 5.0 Stealth
 + Level 2.3 Evocations


You had 5 spell levels left.
You didn't know any spells.
Your spell library contained the following spells:

 Spells                   Type           Power      Damage    Failure   Level
 Magic Dart               Conj           0%         1d3       56%         1
 Necrotise                Necr           0%         1d4       56%         1
 Summon Small Mammal      Summ           0%         N/A       56%         1
 Call Imp                 Summ           0%         N/A       71%         2
 Call Canine Familiar     Summ           0%         N/A       90%         3
 Mephitic Cloud           Conj/Pois/Air  0%         N/A       90%         3
 Summon Guardian Golem    Hex/Summ       0%         N/A       90%         3
 Vampiric Draining        Necr           0%         2d6       90%         3
 Agony                    Necr           0%         N/A       100%        5


Dungeon Overview and Level Annotations

Branches:
Dungeon (5/15)
 Temple: D:4-7

Altars:
Gozag
Sif Muna
Trog
Wu Jian
Xom

Shops:
D:1 :   D:5 =

Annotations:
D:4 Robin, Sigmund


Innate Abilities, Weirdness & Mutations

You have a pair of antennae on your head.
You are partially covered in large bone plates. (SH +4)


Message History

You are no longer poisoned.
The adder bites you. x2; The adder completely misses you.
You are too injured to fight recklessly!
You are too injured to fight recklessly!
You are too injured to fight recklessly!
Your +4 quarterstaff of chaos is briefly surrounded by a scintillating aura of random colours.
a - a +4 quarterstaff of chaos (weapon)
The adder bites you but does no damage.
You sock the adder! You freeze the adder.
The adder is almost dead.
The adder closely misses you.
You barely miss the adder.
The adder is almost dead.
The adder misses you. The adder closely misses you.
You sock the adder! You burn the adder.
You kill the adder!
Robin of the Strong Arm comes into view.
They are wielding a +5 heavy spear and carrying a wand of quicksilver (12).
b - a +0 arbalest (weapon)
You shoot a bolt.
Robin shouts!
The bolt hits Robin!
Robin is heavily wounded.
You hear a shout!
You shoot a bolt. The bolt barely misses Robin.
Robin roars a battlecry!
Robin zaps a wand.
The bolt of dispelling energy hits you!
You are too injured to fight recklessly!
Your +4 quarterstaff of chaos is briefly surrounded by a scintillating aura of random colours.
a - a +4 quarterstaff of chaos (weapon)
The goblin shouts!
Robin zaps a wand.
The bolt of dispelling energy hits you!
* * * LOW HITPOINT WARNING * * *
Robin closely misses you.
Aiming: Mindburst
Press: ? - help, Shift-Dir - straight line, f/p - Robin
Aim: Robin, wielding a +5 heavy spear, wearing a +0 animal skin, wearing a +0 helmet, wearing a +4 ring of protection and carrying a wand of quicksilver (10) (moderately wounded, chance to affect: 81%) Robin barely resists.
Sigmund the Dreaded comes into view.
He is wielding a +0 scythe.
Robin hits you from afar with a +5 heavy spear.
You die...

...@...........
...............
............... ..............
..# ............. ...#
#..........# ...##. ....
#.....g...†# #...... ....
#.....g.@..####....... ....
#..................... ...
#..............†...... ..
#..................... .#
...#....##.###........ .#
........##.##......... >#
##....#######.##.........
.#####...<.........##.........
.......##..........##......[..


You could see Sigmund (wandering), Robin and a goblin (strong).

Vanquished Creatures
  2 hounds
  2 orc priests
  Crazy Yiuf (D:3)
  Ijyb (D:3)
  5 adders
  A shadow imp (D:5)
  2 white imps
  A worm (D:2)
  6 dart slugs
  7 orcs
  3 bats (D:2)
  6 endoplasms
  3 giant cockroaches
  5 hobgoblins
  8 jackals (D:1)
  2 quokkas
  6 ball pythons
  A frilled lizard (D:3)
  15 goblins
  9 kobolds
  10 rats
96 creatures vanquished.

Notes
Turn   | Place    | Note
-------+----------+-------------------------------------------
     0 | D:5      | flotson the Demonspawn Delver began the quest for the Orb.
     0 | D:5      | Reached XP level 1. HP: 18/18 MP: 1/1
    68 | D:5      | Noticed an iguana
   175 | D:5      | Noticed a hound
   188 | D:5      | Killed a hound
   189 | D:5      | Gained mutation: You have a pair of small antennae on your
                  | head. [demonic ancestry]
   189 | D:5      | Reached XP level 2. HP: 4/24 MP: 2/2
   189 | D:5      | Gained mutation: You are partially covered in large bone
                  | plates. (SH +4) [demonic ancestry]
   189 | D:5      | Reached XP level 3. HP: 4/29 MP: 3/3
   374 | D:5      | Reached skill level 1 in Evocations
   424 | D:5      | Found an ornate altar of the Wu Jian Council.
   429 | D:5      | Found a shimmering altar of Xom.
   503 | D:5      | Noticed a steam dragon
   506 | D:5      | Found Gitulola's One-of-a-Kind Rings.
   534 | D:5      | Found an opulent altar of Gozag.
   539 | D:5      | Reached skill level 1 in Armour
   711 | D:2      | Reached XP level 4. HP: 31/35 MP: 4/4
  1175 | D:1      | Found Koucou's Book Shop.
  1587 | D:2      | Gained mutation: You have a pair of antennae on your head.
                  | [demonic ancestry]
  1587 | D:2      | Reached XP level 5. HP: 41/41 MP: 5/5
  1899 | D:2      | Reached skill level 5 in Stealth
  2044 | D:2      | Reached skill level 1 in Throwing
  2135 | D:3      | Found a shimmering blue altar of Sif Muna.
  2148 | D:3      | Noticed Ijyb
  2152 | D:3      | Killed Ijyb
  2413 | D:3      | Found a runed translucent door.
  2414 | D:3      | Noticed Crazy Yiuf
  2464 | D:3      | Found a bloodstained altar of Trog.
  2738 | D:3      | Killed Crazy Yiuf
  2739 | D:3      | Reached XP level 6. HP: 11/48 MP: 6/6
  3154 | D:4      | Noticed Robin
  3161 | D:4      | Noticed Sigmund
  3161 | D:4      | Slain by Robin

Illustrated notes

Levels and vault maps discovered:
D:1:      sevenhm_arrival_forest_fort_small_4, layout_basic, serial_shops,
          nicolae_shop_statue_plus, minmay_box_of_dots
D:2:      layout_loops_cross
D:3:      layout_loops_cross, nicolae_sif_muna_condensation,
          nicolae_overflow_hidden_temple, uniq_ijyb, uniq_crazy_yiuf_cottage
D:4:      layout_basic, mainiacjoe_overflow_cross_hatched, uniq_sigmund,
          uniq_blork_the_orc, uniq_robin
D:5:      nicolae_cairo_tiling_large_dashed, layout_loops_corners,
          nicolae_gozag_seed_capital, minmay_overflow_temple_star_quad,
          serial_rivers, chequers_serial_rivers_micro_e,
          chequers_serial_rivers_large_b, chequers_serial_rivers_micro_c,
          chequers_serial_rivers_room_b, roderic_lattice_a,
          nicolae_shop_unique_rings, grunt_ministairs_10

Skill      XL: |  1  2  3  4  5  6 |
---------------+-------------------+-----
Axes           | 2 |  2.9
Dodging        | 2 |  2.8
Evocations     | 1 2 |  2.3
Armour         | 1 2 |  2.1
Stealth        | 5 |  5.0
Throwing       | 1 |  1.3
Fighting       | |  3.9

Action                     |  1- 3 |  4- 6 || total
---------------------------+-------+-------++-------
  Melee: Hand axe          |    15 |       ||    15
         Punch             |     1 |       ||     1
         Quarterstaff      |       |    28 ||    28
   Fire: Arbalest          |    23 |   200 ||   223
  Evoke: Wand              |       |     2 ||     2
    Use: Potion            |     1 |       ||     1
         Scroll            |       |     1 ||     1
 Armour: Leather armour    |     3 |       ||     3
         Chain mail        |    24 |    31 ||    55
         Ring mail         |       |    76 ||    76
  Dodge: Dodged            |    22 |   151 ||   173
  Block: Other             |     6 |    56 ||    62

Table legend: (Time is in decaauts)
 A = Elapsed time spent in this place.
 B = Non-inter-level travel time spent in this place.
 C = Inter-level travel time spent in this place.
 D = Time resting spent in this place.
 E = Time spent auto-exploring this place.
 F = Levels seen in this place.
 G = Mean time per level.
                   A        B        C        D        E       F      G
               +--------+--------+--------+--------+--------+-----+--------+
         Total |   3433 |   3271 |    162 |      0 |   2326 |   5 |  686.6 |
       Dungeon |   3433 |   3271 |    162 |      0 |   2326 |   5 |  686.6 |
               +--------+--------+--------+--------+--------+-----+--------+

Top non-repeatable levels by time:
     D:3: 985 daAuts
     D:1: 849 daAuts
     D:2: 758 daAuts
     D:5: 585 daAuts
     D:4: 254 daAuts
